 Dungeon Crawl Stone Soup version 0.19-a0-1341-g3513869 (webtiles) character file.

14807 4thArraOfDagon the Grappler (level 11, -1/107 HPs)
             Began as a Troll Ice Elementalist on Sept 1, 2016.
             Was a High Priest of Cheibriados.
             Succumbed to Rupert's poison
             ... while paralysed by Rupert
             ... on level 2 of the Orcish Mines.
             The game lasted 00:28:20 (4976 turns).

4thArraOfDagon the Grappler (TrIE)                  Turns: 4976, Time: 00:28:21

Health: -1/107     AC: 11    Str: 29    XL:     11   Next: 93%
Magic:  24/24      EV:  1    Int: 25    God:    Cheibriados [*****.]
Gold:   1117       SH:  0    Dex: 21    Spells: 0 memorised, 12 levels left

rFire  + . .     SeeInvis .       - Unarmed
rCold  . . .     Gourm    +     y - +2 robe {rF+}
rNeg   . . .     Faith    .     (no shield)
rPois  .         Spirit   .     (helmet restricted)
rElec  .         Dismiss  .     n - +2 cloak {MR+}
rCorr  .         Reflect  .     (gloves unavailable)
MR     +....     Harm     .     (boots unavailable)
Stlth  ++........               (no amulet)
                                Q - ring of magical power
                                A - +1 ring of protection

@: paralysed, lethally poisoned (-1 -> -47), very slow
A: unfitting armour, claws 3, fast metabolism 3, gourmand, regeneration 1,
shaggy fur 1, tough skin 2
a: Bend Time, Temporal Distortion, Slouch, Step From Time, Renounce Religion


You were on level 2 of the Orcish Mines.
You worshipped Cheibriados.
Cheibriados was extremely pleased with you.
You were completely stuffed.

You visited 2 branches of the dungeon, and saw 17 of its levels.
You also visited: Sewer and Ossuary.

You collected 1117 gold pieces.

Inventory:

Hand Weapons
 t - a +1 giant spiked club
 H - the +9 dagger "Eminiaps" {vamp, rN+, unknown}
   (You found it on level 10 of the Dungeon)

   It inflicts no extra harm, but heals its wielder somewhat when it strikes a
   living foe.
   It protects you from negative energy.
 O - a +4 dagger of distortion
Missiles
 P - 8 large rocks (quivered)
Armour
 a - a +1 robe
 n - a +2 cloak of magic resistance (worn)
 q - a +1 robe of fire resistance
 y - a +2 robe of fire resistance (worn)
 R - a mottled dragon hide
 S - a troll hide
Magical Staves
 T - an uncursed staff of summoning {unknown}
Jewellery
 r - a +4 ring of intelligence
 s - an uncursed ring of teleportation
 A - a +1 ring of protection (left claw)
 F - an uncursed ring of fire
 Q - a ring of magical power (right claw)
Wands
 B - a wand of polymorph (22/24)
 C - a wand of slowing (14/48)
 L - a wand of disintegration (17/24)
Scrolls
 d - 7 scrolls of remove curse
 k - 3 scrolls of recharging
 l - 3 scrolls of teleportation
 m - a scroll of amnesia
 u - a scroll of fog
 I - a scroll of enchant weapon
 K - a scroll of fear
 M - 2 scrolls of enchant armour
Potions
 e - 2 potions of agility
 i - 2 potions of haste
 j - 3 potions of curing
 o - 3 potions of cure mutation
 v - 7 potions of flight
 w - 4 potions of might
 x - 3 potions of degeneration {unknown}
 z - 3 potions of invisibility
 D - 2 potions of heal wounds {unknown}
 E - a potion of cancellation {unknown}
 N - a potion of mutation {unknown}
Books
 b - a book of Frost

   Spells                             Type                      Level
   a - Freeze                         Ice                          1
   b - Throw Frost                    Conjuration/Ice              2
   c - Ozocubu's Armour               Charms/Ice                   3
   d - Throw Icicle                   Conjuration/Ice              4
   e - Summon Ice Beast               Ice/Summoning                4
Comestibles
 c - 12 bread rations
 f - 3 slices of pizza
 g - 4 meat rations
 h - 3 fruits
 J - a beef jerky


   Skills:
 + Level 6.9 Fighting
 + Level 7.2 Dodging
 - Level 1.1 Stealth
 * Level 12.6 Unarmed Combat
 - Level 1.2 Spellcasting
   Level 0.6 Conjurations
   Level 2.1 Ice Magic
 + Level 7.9 Invocations


You had 12 spell levels left.
You didn't know any spells.

Dungeon Overview and Level Annotations

Branches:
Dungeon (15/15)              Lair (0/6) D:10            Orc (2/2) D:10
    Elf (0/3) Orc:2
 Temple: D:4-7       Vaults: D:13-14     Depths: D:15

Altars:
Ashenzari
Cheibriados
Dithmenos
Fedhas
Gozag
Qazlal
The Shining One

Shops:
D:4 [

Annotations:
D:5 azzavlup's ghost, novice VSFi
D:8 1 runed door
Orc:2 Rupert


Innate Abilities, Weirdness & Mutations

You are too large for most types of armour.
You have claws for hands.
Your metabolism is lightning-fast.
You like to eat raw meat.
Your natural rate of healing is unusually fast.
You are covered in fur. (AC +1)
You have very tough skin. (AC +2)


Message History

You feel sick. Rupert yells loudly at you.
You suddenly lose the ability to move!
You feel sick.
Rupert hits you with a battleaxe of venom!
You feel sick. Rupert roars wildly at you.
You shrug off the repeated paralysis!
You feel sick.
Rupert roars madly and goes into a rage!
Rupert goes berserk!
You feel sick.
Rupert hits you with a battleaxe of venom!
* * * LOW HITPOINT WARNING * * *
You are more poisoned.
You feel sick.
Rupert hits you with a battleaxe of venom!!
* * * LOW HITPOINT WARNING * * *
You are more poisoned.
You die...

## ..# ### #.#. ##.##
### ##.... #...#
##.##....#. ##
#..###..@@.....( ##.###
#...#...........
#....###...............
#.....................
####....................
..##....................
........................
........................
....#...................


You could see Rupert (berserk).

Vanquished Creatures
  Snorg (D:12)
  A centaur warrior (D:14)
  An unseen horror (D:11)
  An orc sorcerer (Orc:2)
  2 cyclopes
  A troll (D:14)
  A two-headed ogre (D:13)
  A blink frog (D:10)
  A shadow (D:11)
  Sigmund (D:6)
  A wyvern (D:13)
  A wraith (D:15)
  A vampire (D:11)
  3 hippogriffs
  23 yaks
  A hungry ghost (D:7)
  2 mottled dragons
  A steam dragon (D:9)
  A porcupine (D:12)
  8 orc warriors
  2 ice beasts
  A phantom (D:8)
  A necrophage (D:9)
  9 ogres
  7 centaurs
  An elf zombie (Ossuary)
  2 big kobolds
  Blork the orc (D:6)
  6 giant frogs
  3 scorpions
  6 killer bees (D:8)
  4 howler monkeys
  5 centaur zombies
  A giant frog zombie (D:8)
  4 crimson imps
  3 human zombies (Ossuary)
  2 jellies
  A giant frog skeleton (D:6)
  2 hounds (D:7)
  12 orc priests
  13 orc wizards
  4 iguanas
  A hell rat (D:10)
  12 worker ants
  A big kobold zombie (Ossuary)
  2 mummies (Ossuary)
  4 gnolls (D:3)
  9 adders
  3 shadow imps
  3 oozes (Sewer)
  4 adder zombies
  An adder skeleton (D:4)
  3 worms (Sewer)
  7 giant geckos
  63 orcs
  8 giant cockroaches
  A hobgoblin (D:1)
  17 jackals
  7 kobolds
  6 quokkas
  2 ball pythons
  14 bats
  2 giant gecko zombies (D:5)
  A giant newt (D:1)
  4 goblins
  12 hobgoblin zombies (Ossuary)
  A jackal zombie (Ossuary)
  7 kobold zombies (Ossuary)
  8 orc zombies (Ossuary)
  2 quokka zombies (D:8)
  2 rats
  A rat zombie (Ossuary)
  3 butterflies (D:8)
354 creatures vanquished.

Notes
Turn   | Place    | Note
-------+----------+-------------------------------------------
     0 | D:1      | 4thArraOfDagon the Troll Ice Elementalist began the quest for the Orb.
     0 | D:1      | Reached XP level 1. HP: 16/16 MP: 1/1
   147 | D:2      | Found a glowing golden altar of the Shining One.
   150 | D:2      | Found a shattered altar of Ashenzari.
   150 | D:2      | Found a snail-covered altar of Cheibriados.
   150 | D:2      | Found an opulent altar of Gozag.
   156 | D:2      | Reached skill level 1 in Unarmed Combat
   156 | D:2      | Reached XP level 2. HP: 6/24 MP: 2/2
   168 | D:2      | Reached skill level 2 in Unarmed Combat
   174 | D:2      | Became a worshipper of Cheibriados the Contemplative
   283 | D:1      | Reached XP level 3. HP: 31/31 MP: 3/3
   432 | D:2      | You fall through a shaft for 2 floors!
   438 | D:4      | Reached skill level 3 in Unarmed Combat
   467 | D:4      | Reached * piety under Cheibriados
   521 | D:5      | Entered Level 5 of the Dungeon
   528 | D:5      | Noticed an ogre
   535 | D:5      | Reached skill level 4 in Unarmed Combat
   535 | D:5      | Reached XP level 4. HP: 39/39 MP: 4/4
   556 | D:5      | Killed an ogre
   556 | D:5      | Reached skill level 1 in Invocations
   556 | D:5      | Reached XP level 5. HP: 30/45 MP: 1/5
   574 | D:5      | Noticed azzavlup's ghost (novice VSFi)
   607 | D:4      | Reached skill level 5 in Unarmed Combat
   740 | D:4      | Found Celuz's Antique Armour Shop.
   747 | D:4      | Reached XP level 6. HP: 48/53 MP: 6/6
   762 | D:4      | Reached ** piety under Cheibriados
  1103 | D:5      | Noticed an ice beast
  1110 | D:5      | Killed an ice beast
  1110 | D:5      | Reached skill level 1 in Fighting
  1270 | D:6      | Reached XP level 7. HP: 60/62 MP: 7/7
  1277 | D:6      | Reached skill level 6 in Unarmed Combat
  1297 | D:6      | Found a stormy altar of Qazlal.
  1299 | D:6      | Found a blossoming altar of Fedhas.
  1321 | D:6      | Reached *** piety under Cheibriados
  1322 | D:6      | Noticed Blork the orc
  1365 | D:6      | Found a glowing drain.
  1374 | Sewer    | Entered a sewer
  1610 | Sewer    | Reached **** piety under Cheibriados
  1700 | D:6      | Found a shadowy altar of Dithmenos.
  1723 | D:6      | Noticed Sigmund
  1744 | D:6      | Killed Sigmund
  1744 | D:6      | Reached XP level 8. HP: 61/74 MP: 9/9
  1784 | D:5      | Reached skill level 7 in Unarmed Combat
  1823 | D:6      | Killed Blork the orc
  2065 | D:7      | Reached skill level 8 in Unarmed Combat
  2123 | D:8      | Reached XP level 9. HP: 71/83 MP: 11/11
  2164 | D:8      | Reached ***** piety under Cheibriados
  2215 | D:8      | Reached skill level 5 in Invocations
  2244 | D:8      | Found a sand-covered staircase.
  2251 | Ossuary  | Entered an ossuary
  2351 | Ossuary  | Reached skill level 9 in Unarmed Combat
  2529 | D:9      | Reached skill level 5 in Dodging
  2643 | D:8      | Reached ****** piety under Cheibriados
  2711 | D:8      | Found a runed door.
  2714 | D:8      | Found a runed door.
  2716 | D:8      | Reached XP level 10. HP: 90/94 MP: 13/13
  2718 | D:8      | Reached skill level 10 in Unarmed Combat
  2852 | D:10     | Entered Level 10 of the Dungeon
  2919 | D:10     | Reached skill level 5 in Fighting
  3132 | D:10     | Got a brightly glowing dagger
  3146 | D:10     | Found a staircase to the Lair.
  3208 | D:11     | Noticed a gargoyle
  3231 | D:11     | Killed an unseen horror
  3231 | D:11     | Reached skill level 11 in Unarmed Combat
  3361 | D:12     | Noticed Snorg
  3375 | D:12     | Killed Snorg
  3375 | D:12     | Reached XP level 11. HP: 26/105 MP: 9/15
  3429 | D:12     | Noticed Psyche
  3435 | D:12     | Noticed Psyche
  3435 | D:12     | Psyche changed into Psyche the porcupine
  3438 | D:12     | Killed Psyche the porcupine
  3767 | D:14     | Noticed a seven-headed hydra
  3913 | D:15     | Entered Level 15 of the Dungeon
  4125 | D:14     | Noticed a centaur warrior
  4138 | D:14     | Killed a centaur warrior
  4154 | D:14     | Noticed a cyan ugly thing
  4154 | D:14     | Noticed a cyan ugly thing
  4154 | D:14     | Noticed a cyan ugly thing
  4154 | D:14     | Noticed a cyan ugly thing
  4155 | D:14     | Noticed a cyan ugly thing
  4182 | D:14     | Reached skill level 12 in Unarmed Combat
  4206 | D:14     | timbw: bah
  4211 | D:14     | timbw: installed windows 10
  4220 | D:14     | timbw: nothing but trouble
  4275 | D:14     | timbw: to lazy to install windows 7, so ill just suffer now
  4301 | D:14     | Noticed an eight-headed hydra
  4352 | D:12     | 4thArraOfDagon: haha
  4352 | D:12     | 4thArraOfDagon: good luck
  4352 | D:12     | 4thArraOfDagon: i literally had w10 for about 20mins on my pc
  4415 | D:12     | timbw: it just does things
  4467 | D:11     | timbw: why would anybody want that
  4523 | D:10     | Found a staircase to the Orcish Mines.
  4532 | Orc:1    | Entered Level 1 of the Orcish Mines
  4559 | Orc:2    | Entered Level 2 of the Orcish Mines
  4639 | Orc:2    | 4thArraOfDagon: its like
  4639 | Orc:2    | 4thArraOfDagon: taking red hatch
  4639 | Orc:2    | 4thArraOfDagon: why would you want to do it lol :D
  4716 | Orc:1    | Noticed an ettin
  4726 | Orc:2    | Found a staircase to the Elven Halls.
  4832 | Orc:2    | Noticed an orc sorcerer
  4841 | Orc:2    | Killed an orc sorcerer
  4921 | Orc:2    | Noticed an orc knight
  4962 | Orc:2    | Noticed Rupert
  4970 | Orc:2    | Paralysed by Rupert for 6 turns
  4975 | Orc:2    | HP: 2/107 [Rupert/battleaxe of venom (29)]
  4976 | Orc:2    | Succumbed to Rupert's poison

Vault maps used:
D:1:      dpeg_arrival_rhombi
D:2:      grunt_temple_overflow_open
D:3:      hex_large, grunt_decor_one_mirror, fedhas_altar_fruit_tree
D:4:      first_bread, serial_shops, shop
D:6:      grunt_temple_overflow_forces_of_nature,
          nicolae_dithmenos_shadow_blocks, portal_sewer_entry_d,
          uniq_blork_the_orc, uniq_pikel, uniq_sigmund
D:8:      lemuel_insect_pit, minmay_overflow_temple_star_quad, enter_ossuary_4
D:9:      grunt_ogre_cave
D:10:     dpeg_lair_monsters, orc_0_dummy
D:12:     uniq_snorg, uniq_psyche
D:13:     david_vaults_5
D:14:     serial_bayou_pond_e, nicolae_two_hexagons
D:15:     hangedman_depths_entry_try_elsewhere_first, hangedman_decor_growths,
          basic_altar, nicolae_ru_the_path_less_chosen
Orc:1:    bh_open_orc_temple
Orc:2:    grunt_orc_tribal_feast, serial_shops, shop, uniq_rupert,
          uniq_josephine
Sewer:    sewer_fruit_machine
Ossuary:  ossuary_tomb_1

Skill      XL: |  1  2  3  4  5  6  7  8  9 10 11 |
---------------+----------------------------------+-----
Unarmed Combat | 1 2 4 5 6 8 9 11 12 | 12.6
Invocations    | 1 2 3 4 5 6 7 |  7.9
Dodging        | 2 3 5 6 7 |  7.2
Fighting       | 1 2 3 4 5 6 |  6.9
Stealth        | |  1.1
Spellcasting   | |  1.2
Conjurations   | |  0.6
Ice Magic      | |  2.1

Action                   |  1- 3 |  4- 6 |  7- 9 | 10-12 || total
-------------------------+-------+-------+-------+-------++-------
Melee: Unarmed           |    76 |   107 |   351 |   325 ||   859
       Punch             |       |     3 |    12 |    36 ||    51
Throw: Throwing net      |       |       |       |     2 ||     2
Invok: Bend Time         |       |     1 |       |       ||     1
       Slouch            |       |       |       |    10 ||    10
       Temporal Distorti |       |       |       |     6 ||     6
Evoke: Wand              |       |       |     1 |     2 ||     3
  Use: Scroll            |       |     3 |    13 |     6 ||    22
       Potion            |       |     1 |     1 |     4 ||     6
 Stab: Sleeping          |     1 |     1 |     4 |     3 ||     9
       Distracted        |       |       |     1 |       ||     1
  Eat: Chunk             |     8 |     3 |    12 |    23 ||    46
Armor: Robe              |    40 |    33 |   154 |    97 ||   324
Dodge: Dodged            |    29 |    59 |   253 |   284 ||   625
